AAA
ROUND ROCK EXPRESS @ SALT LAKE BEES
04/30/2024
 
TOP OF THE 1ST
Round Rock Express batting - Pitching for Salt Lake Bees : LHP MacKenzie Gore
Pitching: LHP MacKenzie Gore
Batting: RHB Vaun Brown 0-0: Ball
1-0: Foul Ball, location: 9LMFF
1-1: Called Strike
1-2: Foul Ball, location: 9LDF
1-2: Strikes out looking
Batting: SHB Rubendy Jaquez 0-0: Called Strike
0-1: Swinging Strike
0-2: Ball
1-2: Strikes out swinging
Batting: RHB David Villar 0-0: Fly out, F7 (Line Drive, 7D, EV 90.6 MPH)
Top of the 1st over - 0 runs, 0 hits, 0 errors, 0 left on base; Round Rock 0 - Salt Lake 0
BOTTOM OF THE 1ST
Salt Lake Bees batting - Pitching for Round Rock Express : RHP Alex Faedo
Pitching: RHP Alex Faedo
Batting: LHB Antoine Duplantis 0-0: Called Strike
0-1: Bunt - Flyout to P! F1
Batting: RHB Jud Fabian 0-0: Called Strike
0-1: Called Strike
0-2: Ball
1-2: Ball
2-2: Strikes out swinging
Batting: LHB Tommy La Stella 0-0: Ball
1-0: Ball
2-0: Ball
3-0: Called Strike
3-1: Called Strike
3-2: Fly out, F6 (Popup, 6S, EV 79.4 MPH)
Bottom of the 1st over - 0 runs, 0 hits, 0 errors, 0 left on base; Round Rock 0 - Salt Lake 0
TOP OF THE 2ND
Round Rock Express batting - Pitching for Salt Lake Bees : LHP MacKenzie Gore
Batting: RHB Patrick Wisdom 0-0: Fly out, F4 (Popup, 4MS, EV 71.9 MPH)
Batting: RHB Eugenio Suarez 0-0: Ball
1-0: Called Strike
1-1: Fly out, F7 (Flyball, 7S, EV 93.1 MPH)
Batting: LHB Willie Calhoun 0-0: Foul Ball, location: 7LMF
0-1: Ground out 4-3 (Groundball, 34, EV 93.1 MPH)
Top of the 2nd over - 0 runs, 0 hits, 0 errors, 0 left on base; Round Rock 0 - Salt Lake 0
BOTTOM OF THE 2ND
Salt Lake Bees batting - Pitching for Round Rock Express : RHP Alex Faedo
Batting: RHB Rene Pinto 0-0: Foul Ball, location: 2F
0-1: Ball
1-1: Ball
2-1: Swinging Strike
2-2: Strikes out swinging
Batting: RHB Yohel Pozo 0-0: Foul Ball, location: 2F
0-1: Fly out, F8 (Line Drive, 8RM, EV 108.1 MPH)
Batting: LHB Jameson Hannah 0-0: Ball
1-0: Ball
2-0: Ground out 6-3 (Groundball, 6, EV 85.0 MPH)
Bottom of the 2nd over - 0 runs, 0 hits, 0 errors, 0 left on base; Round Rock 0 - Salt Lake 0
TOP OF THE 3RD
Round Rock Express batting - Pitching for Salt Lake Bees : LHP MacKenzie Gore
Batting: RHB Andy Ibanez 0-0: Called Strike
0-1: Fly out, F9 (Flyball, 9LM, EV 99.4 MPH)
Batting: RHB Luca Tresh 0-0: Called Strike
0-1: SINGLE (Groundball, 56D, EV 107.5 MPH)
Batting: RHB Christian Vazquez 0-0: Grounds into double play, 4-6-3 (Groundball, 34D, EV 103.1 MPH)
Top of the 3rd over - 0 runs, 1 hit, 0 errors, 0 left on base; Round Rock 0 - Salt Lake 0
BOTTOM OF THE 3RD
Salt Lake Bees batting - Pitching for Round Rock Express : RHP Alex Faedo
Batting: LHB Zach McKinstry 0-0: Swinging Strike
0-1: Called Strike
0-2: Ball
1-2: Ball
2-2: Ball
3-2: Fly out, F8 (Flyball, 78D, EV 110.0 MPH)
Batting: LHB Joey Wendle 0-0: Ball
1-0: Called Strike
1-1: Ball
2-1: Called Strike
2-2: Ball
3-2: Foul Ball, location: 7LDF
3-2: Fly out, F8 (Flyball, 8LXD, EV 95.0 MPH)
Batting: SHB Kehden Hettiger 0-0: SINGLE (Flyball, 8RS, EV 92.5 MPH)
Batting: LHB Antoine Duplantis 0-0: Foul Ball, location: 5F
0-1: Called Strike
0-2: Ball
1-2: Fly out, F9 (Flyball, 89M, EV 96.3 MPH)
Bottom of the 3rd over - 0 runs, 1 hit, 0 errors, 1 left on base; Round Rock 0 - Salt Lake 0
TOP OF THE 4TH
Round Rock Express batting - Pitching for Salt Lake Bees : LHP MacKenzie Gore
Batting: RHB Vaun Brown 0-0: Called Strike
0-1: Called Strike
0-2: Foul Ball, location: 3SF
0-2: Ball
1-2: Strikes out looking
Batting: SHB Rubendy Jaquez 0-0: Foul Ball, location: 2F
0-1: Ball
1-1: Fly out, F8 (Flyball, 8LD, EV 93.1 MPH)
Batting: RHB David Villar 0-0: Foul Ball, location: 9LSF
0-1: Ball
1-1: Ball
2-1: Foul Ball, location: 5FF
2-2: Fly out, F7 (Flyball, 78M, EV 90.0 MPH)
Top of the 4th over - 0 runs, 0 hits, 0 errors, 0 left on base; Round Rock 0 - Salt Lake 0
BOTTOM OF THE 4TH
Salt Lake Bees batting - Pitching for Round Rock Express : RHP Alex Faedo
Batting: RHB Jud Fabian 0-0: Ball
1-0: Fly out, F9 (Flyball, 9D, EV 80.0 MPH)
Batting: LHB Tommy La Stella 0-0: Ball
1-0: DOUBLE (Flyball, 8LXD, EV 98.1 MPH)
Batting: RHB Rene Pinto 0-0: Fly out, F7 (Line Drive, 78M, EV 92.5 MPH)
Batting: RHB Yohel Pozo 0-0: Called Strike
0-1: Ball
1-1: Swinging Strike
1-2: Ball
2-2: Foul Ball, location: 2F
2-2: SINGLE (Groundball, 6MD, EV 95.0 MPH)
Tommy La Stella to third
Runner from 3rd tries for Home, SAFE, throw by CF to home
Yohel Pozo to second
Batting: LHB Jameson Hannah 0-0: Called Strike
0-1: Ball
1-1: Ball
2-1: Ground out 4-3 (Groundball, 4, EV 81.3 MPH)
Bottom of the 4th over - 1 run, 2 hits, 0 errors, 1 left on base; Round Rock 0 - Salt Lake 1
TOP OF THE 5TH
Round Rock Express batting - Pitching for Salt Lake Bees : LHP MacKenzie Gore
Batting: RHB Patrick Wisdom 0-0: Called Strike
0-1: Swinging Strike
0-2: Foul Ball, location: 9LMF
0-2: Strikes out swinging
Batting: RHB Eugenio Suarez 0-0: Ball
1-0: Foul Ball, location: 23F
1-1: Fly out, F8 (Line Drive, 78M, EV 94.4 MPH)
Batting: LHB Willie Calhoun 0-0: Ball
1-0: Ball
2-0: Ball
3-0: Called Strike
3-1: DOUBLE (Line Drive, 3D, EV 98.8 MPH)
Batting: RHB Andy Ibanez 0-0: Called Strike
0-1: Foul Ball, location: 2F
0-2: Foul Ball, location: 25F
0-2: Foul Ball, location: 9LSF
0-2: Ground out 6-3 (Groundball, 6S, EV 86.3 MPH)
Top of the 5th over - 0 runs, 1 hit, 0 errors, 1 left on base; Round Rock 0 - Salt Lake 1
BOTTOM OF THE 5TH
Salt Lake Bees batting - Pitching for Round Rock Express : RHP Alex Faedo
Batting: LHB Zach McKinstry 0-0: Ball
1-0: Foul Ball, location: 7LDF
1-1: Ball
2-1: Called Strike
2-2: Fly out, F9 (Flyball, 9, EV 92.5 MPH)
Batting: LHB Joey Wendle 0-0: Swinging Strike
0-1: Ball
1-1: SINGLE (Line Drive, 7LS, EV 89.4 MPH)
Batting: SHB Kehden Hettiger 0-0: Ball
1-0: Ball
2-0: Called Strike
2-1: Ball
3-1: Called Strike
3-2: Fly out, F8 (Flyball, 8LD, EV 83.8 MPH)
Batting: LHB Antoine Duplantis 0-0: Ball
1-0: Fly out, F9 (Flyball, 89M, EV 84.4 MPH)
Bottom of the 5th over - 0 runs, 1 hit, 0 errors, 1 left on base; Round Rock 0 - Salt Lake 1
TOP OF THE 6TH
Round Rock Express batting - Pitching for Salt Lake Bees : LHP MacKenzie Gore
Batting: RHB Luca Tresh 0-0: Ball
1-0: Foul Ball, location: 9LMF
1-1: Ball
2-1: Foul Ball, location: 7LDF
2-2: Strikes out swinging, 2-3 out at first.
Batting: RHB Christian Vazquez 0-0: Ball
1-0: Called Strike
1-1: Called Strike
1-2: Foul Ball, location: 2F
1-2: Foul Ball, location: 2F
1-2: Ball
2-2: Ball
3-2: Strikes out looking
Batting: RHB Vaun Brown 0-0: Ball
1-0: Called Strike
1-1: Ball
2-1: Called Strike
2-2: Ball
3-2: Fly out, F5 (Line Drive, 5L, EV 71.3 MPH)
Top of the 6th over - 0 runs, 0 hits, 0 errors, 0 left on base; Round Rock 0 - Salt Lake 1
BOTTOM OF THE 6TH
Salt Lake Bees batting - Pitching for Round Rock Express : RHP Alex Faedo
Batting: RHB Jud Fabian 0-0: Ball
1-0: TRIPLE (Flyball, 9LD, EV 101.9 MPH)
Batting: LHB Tommy La Stella 0-0: Foul Ball, location: 7LDF
0-1: DOUBLE (Line Drive, 9LS, EV 106.9 MPH)
Jud Fabian scores
Batting: RHB Rene Pinto 0-0: Fly out, F8 (Flyball, 8LM, EV 91.3 MPH)
Runner from 2nd tags up, OUT at 3rd! 8-5
Batting: RHB Yohel Pozo 0-0: Ball
1-0: Foul Ball, location: 2F
1-1: Swinging Strike
1-2: SINGLE (Flyball, 89S, EV 86.9 MPH)
Batting: LHB Jameson Hannah 0-0: Called Strike
0-1: Ball
1-1: DOUBLE (Line Drive, 78D, EV 105.0 MPH)
Yohel Pozo to third
Batting: LHB Zach McKinstry 0-0: Ball
1-0: Ground out 5-3 (Groundball, 56, EV 88.1 MPH)
Bottom of the 6th over - 1 run, 4 hits, 0 errors, 2 left on base; Round Rock 0 - Salt Lake 2
TOP OF THE 7TH
Round Rock Express batting - Pitching for Salt Lake Bees : LHP MacKenzie Gore
Batting: SHB Rubendy Jaquez 0-0: Ball
1-0: Fly out, F9 (Flyball, 9D, EV 109.4 MPH)
Batting: RHB David Villar 0-0: Ball
1-0: Foul Ball, location: 7LSF
1-1: Ball
2-1: Ball
3-1: Swinging Strike
3-2: Base on Balls
Batting: RHB Patrick Wisdom 0-0: Ball
1-0: Foul Ball, location: 2F
1-1: Ball
2-1: 2-RUN HOME RUN (Flyball, 89XD, EV 110.6 MPH), Distance : 418 ft
Batting: RHB Eugenio Suarez 0-0: Called Strike
0-1: Swinging Strike
0-2: Ball
1-2: Foul Ball, location: 5F
1-2: Ball
2-2: Foul Ball, location: 5DF
2-2: Foul Ball, location: 2F
2-2: SINGLE (Line Drive, 78S, EV 93.1 MPH)
Batting: LHB Willie Calhoun 0-0: Fly out, F9 (Flyball, 9, EV 83.8 MPH)
Batting: RHB Andy Ibanez 0-0: Ball
1-0: Fly out, F7 (Flyball, 7D, EV 106.3 MPH)
Top of the 7th over - 2 runs, 2 hits, 0 errors, 1 left on base; Round Rock 2 - Salt Lake 2
BOTTOM OF THE 7TH
Salt Lake Bees batting - Pitching for Round Rock Express : RHP Alex Faedo
Batting: LHB Joey Wendle 0-0: Ball
1-0: Called Strike
1-1: Fly out, F7 (Line Drive, 7, EV 93.1 MPH)
Batting: SHB Kehden Hettiger 0-0: Called Strike
0-1: Ball
1-1: Swinging Strike
1-2: Ball
2-2: Foul Ball, location: 3SF
2-2: Strikes out looking
Batting: LHB Antoine Duplantis 0-0: Ball
1-0: Called Strike
1-1: SINGLE (Groundball, 4MD, EV 103.1 MPH)
Batting: RHB Jud Fabian 0-0: Called Strike
0-1: Fly out, F8 (Flyball, 8LD, EV 98.8 MPH)
Bottom of the 7th over - 0 runs, 1 hit, 0 errors, 1 left on base; Round Rock 2 - Salt Lake 2
TOP OF THE 8TH
Round Rock Express batting - Pitching for Salt Lake Bees : LHP MacKenzie Gore
Batting: RHB Luca Tresh 0-0: Ball
1-0: Fly out, F9 (Flyball, 9D, EV 91.3 MPH)
Batting: RHB Christian Vazquez 0-0: Ball
1-0: Swinging Strike
1-1: Ball
2-1: Ball
3-1: Ground out 6-3 (Groundball, 6, EV 103.8 MPH)
Batting: RHB Vaun Brown 0-0: Ball
1-0: Ball
2-0: Ball
3-0: Base on Balls
Batting: SHB Rubendy Jaquez 0-0: Called Strike
0-1: Ground out 6-3 (Groundball, 6, EV 98.1 MPH)
Top of the 8th over - 0 runs, 0 hits, 0 errors, 1 left on base; Round Rock 2 - Salt Lake 2
BOTTOM OF THE 8TH
Salt Lake Bees batting - Pitching for Round Rock Express : RHP Alex Faedo
Batting: LHB Tommy La Stella 0-0: Foul Ball, location: 7LSF
0-1: Fly out, F8 (Flyball, 8RD, EV 83.8 MPH)
Batting: RHB Rene Pinto 0-0: Called Strike
0-1: Foul Ball, location: 2F
0-2: Strikes out swinging
Batting: RHB Yohel Pozo 0-0: Ball
1-0: Fly out, F4 (Popup, 4MD, EV 51.3 MPH)
Bottom of the 8th over - 0 runs, 0 hits, 0 errors, 0 left on base; Round Rock 2 - Salt Lake 2
TOP OF THE 9TH
Round Rock Express batting - Pitching for Salt Lake Bees : LHP MacKenzie Gore
Batting: RHB David Villar 0-0: Called Strike
0-1: Foul Ball, location: 9LDF
0-2: Ball
1-2: Strikes out swinging
Batting: RHB Patrick Wisdom 0-0: Ground out 1-3 (Groundball, 34S, EV 71.9 MPH)
Batting: RHB Eugenio Suarez 0-0: Called Strike
0-1: Foul Ball, location: 9LMF
0-2: SINGLE (Line Drive, 7S, EV 101.9 MPH)
Batting: RHB Keston Hiura 0-0: Fly out, F3 (Popup, 3, EV 63.8 MPH)
Top of the 9th over - 0 runs, 1 hit, 0 errors, 1 left on base; Round Rock 2 - Salt Lake 2
BOTTOM OF THE 9TH
Salt Lake Bees batting - Pitching for Round Rock Express : RHP Alex Faedo
Batting: LHB Jameson Hannah 0-0: Foul Ball, location: 2F
0-1: Swinging Strike
0-2: Ball
1-2: Ball
2-2: Fly out, F7 (Flyball, 7, EV 110.6 MPH)
Batting: LHB Zach McKinstry 0-0: Foul Ball, location: 7LSF
0-1: Ball
1-1: Ball
2-1: Swinging Strike
2-2: Strikes out swinging, 2-3 out at first.
Batting: LHB Joey Wendle 0-0: Ball
1-0: DOUBLE (Line Drive, 5D, EV 95.6 MPH)
Pinch Hitting: LHB Bo Naylor 0-0: Ball
1-0: Ball
2-0: Fly out, F7 (Flyball, 7, EV 85.0 MPH)
Bottom of the 9th over - 0 runs, 1 hit, 0 errors, 1 left on base; Round Rock 2 - Salt Lake 2
TOP OF THE 10TH
Round Rock Express batting - Pitching for Salt Lake Bees : LHP MacKenzie Gore
Keston Hiura starts the inning at 2nd base.
Pitching: LHP Brad Hand
Now at 1B: Corey Julks
Batting: RHB Andy Ibanez 0-0: Called Strike
0-1: Ball
1-1: Fly out, F3 (Popup, 23F, EV 87.5 MPH)
Batting: RHB Luca Tresh 0-0: Ball
1-0: Foul Ball, location: 5FF
1-1: Ball
2-1: Ball
3-1: Swinging Strike
3-2: SINGLE (Groundball, 6MD, EV 102.5 MPH)
Keston Hiura to third
Runner from 3rd tries for Home, SAFE, throw by CF to home
Luca Tresh to second
Batting: RHB Christian Vazquez 0-0: Ball
1-0: Called Strike
1-1: Foul Ball, location: 9LDF
1-2: Ball
2-2: Strikes out looking
Batting: RHB Vaun Brown 0-0: Foul Ball, location: 25F
0-1: Ball
1-1: Swinging Strike
1-2: Ball
2-2: Fly out, F7 (Flyball, 7LSF, EV 81.3 MPH)
Top of the 10th over - 1 run, 1 hit, 0 errors, 1 left on base; Round Rock 3 - Salt Lake 2
BOTTOM OF THE 10TH
Salt Lake Bees batting - Pitching for Round Rock Express : RHP Alex Faedo
Corey Julks starts the inning at 2nd base.
Pitching: LHP Hoby Milner
Now at 1B: Aaron Whitefield
Now at 2B: Andy Ibanez
Now at SS: Trei Cruz
Now in RF: Trey Harris
Batting: LHB Antoine Duplantis 0-0: Called Strike
0-1: Ball
1-1: Ball
2-1: Called Strike
2-2: Strikes out swinging
Batting: RHB Jud Fabian 0-0: Ball
1-0: SINGLE (Line Drive, 7S, EV 97.5 MPH)
Corey Julks to third
Batting: LHB Tommy La Stella 0-0: Called Strike
0-1: Fly out, F7 (Flyball, 7D, EV 98.1 MPH)
Runner from 3rd tags up, SCORES, no throw by LF
Batting: RHB Rene Pinto 0-0: Ball
1-0: Called Strike
1-1: Ball
2-1: Ball
3-1: DOUBLE (Flyball, 8LXD, EV 103.1 MPH)
Jud Fabian to third
Batting: RHB Yohel Pozo 0-0: Intentional Walk
Pinch Hitting: RHB Damon Keith 0-0: Called Strike
0-1: Foul Ball, location: 3SF
0-2: SINGLE (Groundball, 56D, EV 105.0 MPH)
Jud Fabian scores
Bottom of the 10th over - 2 runs, 3 hits, 0 errors, 2 left on base; Round Rock 3 - Salt Lake 4
Monday, March 4th , 2024 - OOTP Baseball 24.11 Build 85